 Dungeon Crawl Stone Soup version 0.31-a0-799-g6bc09d010c (webtiles) character file.

Game seed: 14814020858445872407

25 Bravepunisher the Ducker (level 2, -3/16 HPs)
             Began as a Spriggan Monk on Sept 19, 2023.
             Shot with an arrow by an orc warrior (19 damage)
             ... on level 6 of the Dungeon.
             The game lasted 00:05:00 (973 turns).

Bravepunisher the Ducker (Spriggan Monk)             Turns: 973, Time: 00:05:01

Health: -3/16      AC:  2    Str:  7    XL:     2   Next: 82%
Magic:  3/3        EV: 19    Int: 11    God:
Gold:   20         SH:  0    Dex: 17    Spells: 1/1 levels left

rFire   . . .        a - +0 short sword
rCold   . . .        (no shield)
rNeg    . . .        b - +0 robe
rPois   .            (helmet restricted)
rElec   .            (no cloak)
rCorr   .            (gloves unavailable)
SInv    +            (boots unavailable)
Will    .....        (no amulet)
Stlth   ++           (no ring)
HPRegen 0.22/turn    (no ring)
MPRegen 0.08/turn

%: no passive effects
@: very quick
A: very small, no large weapons, unfitting armour, see invisible, speed 3
a: no special abilities


You were on level 6 of the Dungeon.
You visited 1 branch of the dungeon, and saw 7 of its levels.

You collected 20 gold pieces.

Inventory:

Hand Weapons
 a - a +0 short sword (weapon)
Armour
 b - a +0 robe (worn)
 d - an orb of light
Potions
 c - a potion of ambrosia


   Skills:
 * Level 3.1 Fighting
 - Level 3.2 Short Blades
 + Level 4.5 Dodging


You had one spell level left.
You didn't know any spells.
Your spell library contained the following spells:

 Spells                   Type           Power      Damage    Failure   Level
 Lesser Beckoning         Tloc           0%         N/A       47%         2
 Gell's Gravitas          Tloc           0%         N/A       71%         3
 Teleport Other           Tloc           0%         N/A       71%         3


Dungeon Overview and Level Annotations

Branches:
Dungeon (7/15)
 Temple: D:4-7

Altars:
Gozag

Annotations:
D:4 2 transporters, 0gre's ghost, amateur GnIE


Innate Abilities, Weirdness & Mutations

You are very small and have problems with some larger weapons.
You are too small for most types of armour.
You have supernaturally acute eyesight. (SInv)
You cover ground extremely quickly. (Speed+++)


Message History

Beogh smites you!
Ouch! That really hurt!
* * * LOW HITPOINT WARNING * * *
There is a stone staircase leading down here.
You climb downwards.
Found a long sword.
There is a stone staircase leading up here.
You start resting.
HP restored.
A wight comes into view. It is wielding a +3 trident.
Found a stone staircase leading up.
Found 17 gold pieces.
There is a stone staircase leading up here.
You climb upwards.
The black bear growls angrily.
Found 10 gold pieces.
There is a stone staircase leading down here.
You see here 10 gold pieces.
A phantom comes into view.
A hound comes into view.
A scorpion comes into view.
The phantom barely misses you.
An iguana comes into view.
The phantom hits you.
The phantom blinks!
You blink.
Found 3 stones.
Unknown command.
The iguana hisses angrily.
The hound pauses to sniff the ground.
Found 20 gold pieces.
An orc comes into view. It is wielding a +0 short sword.
An orc warrior comes into view. It is wielding a +0 flail.
The orc shouts!
The orc warrior shouts!
You hear a shout! x2
An orc comes into view. It is wielding a +0 mace.
An orc comes into view. It is wielding a +0 hand axe.
The orc shouts!
An orc comes into view. It is wielding a +0 hand axe.
The orc attacks as it pursues you! The orc misses you.
The orc warrior unwields a +0 flail.
The orc warrior wields a +0 orcbow.
The orc warrior shoots an arrow.
The arrow hits you!!
Ouch! That really hurt!
You die...

..# ..########### #.
..W.........# ..
###########.# .# #.#
.# #.#####.######
#.#...........
#.#.#.........
#.#...@.......
#.####..o.#........
#.........##........
#..####o#.##########
#$#.# #o#.# o...#
#.### #o#


You could see an orc warrior and an orc.

Vanquished Creatures
  An adder (D:5)
  A gnoll (D:5)
  2 ball pythons (D:4)
  An endoplasm (D:3)
  A hobgoblin (D:4)
  A rat (D:3)
7 creatures vanquished.

Notes
Turn   | Place    | Note
-------+----------+-------------------------------------------
     0 | D:1      | Bravepunisher the Spriggan Monk began the quest for the
                  | Orb.
     0 | D:1      | Reached XP level 1. HP: 11/11 MP: 2/2
    90 | D:4      | Noticed a scorpion
   128 | D:4      | Found an opulent altar of Gozag.
   137 | D:5      | Entered Level 5 of the Dungeon
   217 | D:5      | Reached XP level 2. HP: 11/16 MP: 3/3
   273 | D:4      | Found a transporter.
   302 | D:4      | Noticed an ogre
   323 | D:4      | Found a transporter.
   327 | D:4      | Noticed 0gre's ghost (amateur GnIE)
   359 | D:4      | Noticed an ogre
   778 | D:5      | Noticed a howler monkey
   833 | D:5      | Noticed a scorpion
   911 | D:7      | Noticed a wight
   926 | D:6      | Noticed a black bear
   934 | D:6      | Noticed a phantom
   936 | D:6      | Noticed a scorpion
   966 | D:6      | Noticed an orc warrior
   973 | D:6      | Shot with an arrow by an orc warrior

Illustrated notes

Levels and vault maps discovered:
D:1:      dpeg_arrival_pits, layout_loops_ring,
          shapermc_ecumenical_altar_pompeii
D:2:      layout_basic, serial_forest, infiniplex_forest_split,
          infiniplex_forest_clump_long, infiniplex_forest_lined_room_,
          infiniplex_forest_lined_2, infiniplex_forest_clump_large,
          infiniplex_forest_end_double, infiniplex_forest_fountain,
          infiniplex_forest_straight_5, infiniplex_forest_clump_tiny,
          uniq_terence, uniq_crazy_yiuf_cottage
D:3:      layout_loops_cross, nicolae_overflow_hallway_of_the_gods,
          grunt_ministairs_10
D:4:      layout_cave_pods, mainiacjoe_overflow_surrounded_room,
          gammafunk_ghost_stat_death
D:5:      layout_basic, kennysheep_mini_moat
D:6:      layout_basic, minmay_temple_entry_proselytizer
D:7:      layout_rooms, bloody_trog

Skill      XL: |  1  2 |
---------------+-------+-----
Fighting       | 3 |  3.1
Short Blades   | |  3.2
Dodging        | |  4.5

Action                     || total
---------------------------++-------
  Melee: Short sword       ||    32
    Use: Scroll            ||     3
         Potion            ||     1
 Armour: Robe              ||     7
  Dodge: Dodged            ||    38

Table legend: (Time is in decaauts)
 A = Elapsed time spent in this place.
 B = Non-inter-level travel time spent in this place.
 C = Inter-level travel time spent in this place.
 D = Time resting spent in this place.
 E = Time spent auto-exploring this place.
 F = Levels seen in this place.
 G = Mean time per level.
                   A        B        C        D        E       F      G
               +--------+--------+--------+--------+--------+-----+--------+
         Total |    642 |    626 |     16 |     77 |     79 |   7 |   91.7 |
       Dungeon |    642 |    626 |     16 |     77 |     79 |   7 |   91.7 |
               +--------+--------+--------+--------+--------+-----+--------+

Top non-repeatable levels by time:
     D:4: 253 daAuts
     D:5: 234 daAuts
     D:7: 68 daAuts
     D:6: 37 daAuts
     D:3: 31 daAuts
     D:2: 15 daAuts
     D:1: 1 daAuts
